[Event "Titled Tuesday Blitz June 6 Early 2023"]
[White "Sanal, Vahap"]
[Black "Horvath, Dominik"]
[WhiteFideId "6300545"]
[BlackFideId "1642561"]
[WhiteElo "2606"]
[BlackElo "2407"]
[Result "1-0"]
[Round "10"]
[TimeControl "180+2"]
[Date "2023.06.06"]
[WhiteClock "0:00:47"]
[BlackClock "0:00:02"]
[Board "13"]

1. b3 e5 2. Bb2 Nc6 3. e3 d5 4. Bb5 Ne7 5. Ne2 a6 6. Bxc6+ Nxc6 7. O-O Bg4 8. f3 Bf5 9. Ng3 Bg6 10. f4 f6 11. Nc3 Qd7 12. Qf3 O-O-O 13. f5 Bf7 14. Nce2 h5 15. h4 Be7 16. a3 Rdg8 17. d3 g6 18. e4 g5 19. exd5 Bxd5 20. Ne4 gxh4 21. Qe3 Rg4 22. Rf2 Rhg8 23. Kh1 Nd8 24. Qa7 b6 25. Qxa6+ Bb7 26. Qc4 Bd5 27. Qa6+ Kb8 28. N2c3 Bb7 29. Qc4 Bc5 30. Nxf6 Bxf2 31. Nxd7+ Ka8 32. Ne4 b5 33. Qxb5 Rxg2 34. Qa5+ Ba7 35. f6 R2g3 36. Kh2 Rg2+ 37. Kh3 Bc8 38. Qd5+ c6 39. Qd6 Nf7 40. Qxc6+ Bb7 41. Nb6+ Bxb6 42. Qxb6 Bxe4 43. Qa5+ Kb8 44. Bxe5+ 1-0


[Site "https://www.chess.com"]

[Event "Titled Tuesday Blitz June 6 Early 2023"]
[White "Papasimakopoulos, Alexandros"]
[Black "Elsa167"]
[WhiteFideId "4244125"]
[WhiteElo "2359"]
[BlackElo "2905"]
[Result "1/2-1/2"]
[Round "10"]
[TimeControl "180+2"]
[Date "2023.06.06"]
[WhiteClock "0:00:08"]
[BlackClock "0:00:03"]
[Board "14"]

1. d4 Nf6 2. c4 g6 3. Nc3 Bg7 4. Bg5 d6 5. e3 h6 6. Bh4 O-O 7. Be2 c5 8. Nf3 Bg4 9. O-O Nc6 10. h3 Bf5 11. d5 Na5 12. Nd2 e5 13. dxe6 Bxe6 14. Rc1 a6 15. b3 Nc6 16. Nde4 g5 17. Bg3 Nxe4 18. Nxe4 f5 19. Qxd6 Qxd6 20. Nxd6 f4 21. exf4 gxf4 22. Bh4 Nd4 23. Bd3 f3 24. g4 h5 25. Nxb7 Rac8 26. Nd6 Rc6 27. Nf5 Nxf5 28. gxf5 Bxf5 29. Bxf5 Rxf5 30. Rfe1 Rg6+ 31. Kh1 Bd4 32. Rg1 Kf7 33. Rxg6 Kxg6 34. Bg3 h4 35. Bxh4 Rh5 36. Rg1+ Kf5 37. Rg4 Bxf2 38. Bxf2 Rxh3+ 39. Kg1 Kxg4 40. Bxc5 Rg3+ 41. Kf1 Rg2 42. Bf2 Rh2 43. Kg1 Rh5 44. b4 Kf4 45. a4 Ke4 46. b5 axb5 47. axb5 Kd3 48. b6 Kxc4 49. Bg3 Rb5 50. Kf2 Rb3 51. b7 Rxb7 52. Kxf3 Kd5 53. Kf2 Ke4 54. Bd6 Rb2+ 55. Kg3 Rb6 56. Bc7 Rg6+ 57. Kf2 Rf6+ 58. Kg2 Ke3 59. Bd8 Rg6+ 60. Kf1 Rd6 61. Be7 Rd7 62. Bc5+ Kf3 63. Kg1 Rd1+ 64. Kh2 Rd2+ 65. Kh1 Kg3 66. Bg1 Kh3 67. Bc5 Kg3 68. Bg1 Rd5 69. Bh2+ Kf3 70. Bc7 Rd1+ 71. Kh2 Rb1 72. Bd6 Rb7 73. Kh1 Rh7+ 74. Kg1 Rd7 75. Bc5 Kg3 76. Kh1 Rh7+ 77. Kg1 Rh5 78. Bf2+ Kf3 79. Bb6 Rg5+ 80. Kh1 Rd5 81. Bc7 Rc5 82. Bd6 Rg5 83. Bc7 Rg6 84. Bb8 Rh6+ 85. Kg1 Rc6 86. Be5 Rc1+ 87. Kh2 Kf2 88. Bd4+ Ke2 89. Be5 Ke3 90. Kg3 Rg1+ 91. Kh2 Rg6 92. Bc7 Kf2 93. Kh1 Rc6 94. Bf4 Rc4 95. Be5 Re4 96. Bd6 Rg4 97. Bc5+ Kf1 98. Kh2 Rc4 99. Bb6 Rc3 100. Ba7 Ke2 101. Bb6 Kf3 102. Kh1 1/2-1/2


[Site "https://www.chess.com"]

[Event "Titled Tuesday Blitz June 6 Early 2023"]
[White "Molina, Roberto Junio Brito"]
[Black "Aradhya, Garg"]
[WhiteFideId "2109450"]
[BlackFideId "25006746"]
[WhiteElo "2376"]
[BlackElo "2263"]
[Result "0-1"]
[Round "10"]
[TimeControl "180+2"]
[Date "2023.06.06"]
[WhiteClock "0:00:44"]
[BlackClock "0:00:33"]
[Board "15"]

1. d4 d5 2. c4 e6 3. Nc3 Nf6 4. cxd5 exd5 5. Bg5 Be7 6. e3 h6 7. Bh4 Bg4 8. Be2 Bxe2 9. Ngxe2 c6 10. Qc2 Nbd7 11. O-O O-O 12. Rab1 a5 13. b3 Re8 14. Nc1 Ne4 15. Bxe7 Qxe7 16. Nd3 h5 17. Rbe1 Nd6 18. f3 Qf6 19. Qf2 Re7 20. e4 dxe4 21. fxe4 Qxf2+ 22. Kxf2 f6 23. Nf4 Rae8 24. Kf3 h4 25. Ng6 Re6 26. Nxh4 g5 27. Ng6 Kg7 28. Nf4 gxf4 29. Kxf4 c5 30. d5 Re5 31. Re3 f5 32. Rfe1 fxe4 33. Nxe4 Rf8+ 34. Kg3 Nf5+ 35. Kh3 Rh8+ 36. Kg4 Nxe3+ 37. Rxe3 Nf6+ 38. Kf4 Rxe4+ 39. Rxe4 Nxe4 40. Kxe4 Rxh2 0-1


[Site "https://www.chess.com"]

[Event "Titled Tuesday Blitz June 6 Early 2023"]
[White "Korchmar, Vasiliy"]
[Black "Petrosyan, Manuel"]
[WhiteFideId "24131750"]
[BlackFideId "13300857"]
[WhiteElo "2370"]
[BlackElo "2576"]
[Result "1/2-1/2"]
[Round "10"]
[TimeControl "180+2"]
[Date "2023.06.06"]
[WhiteClock "0:00:03"]
[BlackClock "0:00:05"]
[Board "16"]

1. e4 c5 2. Nf3 d6 3. d4 cxd4 4. Nxd4 Nf6 5. Nc3 a6 6. Be2 e5 7. Nb3 Be7 8. O-O O-O 9. Be3 Be6 10. Nd5 Bxd5 11. exd5 Nbd7 12. Qd2 a5 13. Rad1 a4 14. Nc1 Qa5 15. Qxa5 Rxa5 16. c4 Bd8 17. Nd3 Bb6 18. Bd2 Raa8 19. Bb4 Ne4 20. Rc1 Ndc5 21. Nxc5 Bxc5 22. Bxc5 Nxc5 23. Rc3 Rfe8 24. Bd3 g6 25. Bc2 f5 26. Rb1 Kg7 27. g3 Kf6 28. b4 axb3 29. axb3 Ra3 30. Re3 Rea8 31. b4 Nd7 32. Rxa3 Rxa3 33. Bb3 e4 34. Kg2 b6 35. h4 Ne5 36. Rb2 Nd3 37. Rb1 Nxb4 38. Bd1 Nd3 39. Rxb6 Ke5 40. Be2 Nc1 41. Bf1 Ra2 42. Rb7 Kd4 43. c5 dxc5 44. d6 Nd3 45. Rxh7 c4 46. d7 Ra8 47. Rh6 Ne5 48. Rh7 Rd8 49. Re7 Kd5 50. Re8 Rxd7 51. Rc8 Kd4 52. Be2 c3 53. h5 gxh5 54. Bxh5 Rd6 55. Be2 Nd3 56. Bd1 Rd5 57. Bb3 Rb5 58. Rc4+ Ke5 59. Rxc3 Ne1+ 60. Kf1 Nf3 61. Bd1 Rb1 62. Ke2 Nd4+ 63. Kd2 Rb2+ 64. Ke1 f4 65. gxf4+ Kxf4 66. Rc4 Ne6 67. Rc8 Rb1 68. Re8 Ng5 69. Rf8+ Ke5 70. Re8+ Kf6 71. Rf8+ Ke7 72. Ra8 Kd6 73. Rd8+ Ke7 74. Ra8 Rb2 75. Ra7+ Kf6 76. Ra6+ Ke5 77. Ra5+ Kf4 78. Ra8 Ne6 79. Re8 Nd4 80. Rf8+ Kg5 81. Rg8+ Kf6 82. Rf8+ Ke7 83. Rf4 Kd6 84. Rxe4 Kd5 85. Re8 Rb1 86. Rd8+ Ke4 87. Re8+ Kf4 88. Rf8+ Ke4 89. Re8+ Kf4 90. Kd2 Rb2+ 91. Kd3 Rxf2 92. Rf8+ Nf5 93. Rf7 Ke5 94. Bc2 Rh2 95. Kc3 Nd6 96. Re7+ Kd5 97. Bb3+ Kc6 98. Re6 Rh3+ 99. Kb2 Kc5 100. Re5+ Kb4 101. Ba2 Rh2+ 102. Ka1 Nb5 103. Re4+ Kc3 104. Re3+ Kd2 105. Rg3 Nc3 106. Rg1 Kc2 107. Bb1+ Kb3 108. Rg8 Rh1 109. Rb8+ Kc4 110. Rc8+ Kb4 111. Rb8+ Kc4 112. Rc8+ Kd4 113. Rd8+ Nd5 114. Kb2 Rh2+ 115. Kc1 Kc5 116. Rc8+ Kd6 117. Rd8+ Ke5 118. Re8+ Kd4 119. Rd8 Kc4 120. Rc8+ Kb3 121. Rb8+ Kc3 122. Rc8+ Kd4 123. Rd8 1/2-1/2


[Site "https://www.chess.com"]

[Event "Titled Tuesday Blitz June 6 Early 2023"]
[White "Reprintsev, Alexander"]
[Black "Kukhmazov, Arsen"]
[WhiteFideId "14100541"]
[BlackFideId "24108260"]
[WhiteElo "2229"]
[BlackElo "2396"]
[Result "0-1"]
[Round "10"]
[TimeControl "180+2"]
[Date "2023.06.06"]
[WhiteClock "0:00:14"]
[BlackClock "0:00:15"]
[Board "17"]

1. e4 e5 2. Nf3 Nc6 3. Bc4 Bc5 4. b4 Bxb4 5. c3 Ba5 6. d4 d6 7. Qb3 Qd7 8. O-O Bb6 9. Nbd2 Na5 10. Qc2 Nxc4 11. Nxc4 f6 12. a4 c6 13. Nxb6 axb6 14. Rb1 Qc7 15. Qb3 Ne7 16. Ba3 Ra6 17. Rb2 Bg4 18. Nd2 Qd7 19. dxe5 dxe5 20. a5 b5 21. Bc5 Be6 22. Qb4 Kf7 23. c4 Rha8 24. cxb5 Rxa5 25. Bxe7 Qxe7 26. Qxe7+ Kxe7 27. bxc6 bxc6 28. Rb7+ Bd7 29. Nc4 R5a7 30. Rb6 Ra4 31. Ne3 Rxe4 32. Rd1 Rd4 33. Rc1 g6 34. g4 Ra2 35. Rb7 Ke6 36. h3 h5 37. gxh5 gxh5 38. Rb8 Kf7 39. Rh8 Kg6 40. Rg8+ Kh7 41. Rg2 Rda4 42. Rd1 Ra1 43. Kh2 Rxd1 44. Nxd1 Ra3 45. Ne3 c5 46. Nc4 Rxh3+ 47. Kg1 Rc3 48. Nb6 Be6 49. Na8 c4 50. Nc7 Bf7 51. Kh2 Rc1 52. Nb5 Bd5 53. Rg1 Rxg1 54. Kxg1 Kg6 55. Nc3 Be6 56. Kh2 f5 57. Kg3 f4+ 58. Kf3 Bf5 59. Ke2 h4 60. Nd5 Be4 61. Nc3 Bd3+ 62. Ke1 Kf5 63. f3 h3 64. Kf2 e4 65. fxe4+ Bxe4 66. Kg1 Bc6 67. Kh2 Bg2 68. Ne2 Ke4 0-1


[Site "https://www.chess.com"]

[Event "Titled Tuesday Blitz June 6 Early 2023"]
[White "Sourath Biswas"]
[Black "Zhigalko, Sergei"]
[WhiteFideId "35091484"]
[BlackFideId "13502956"]
[WhiteElo "2171"]
[BlackElo "2626"]
[Result "0-1"]
[Round "10"]
[TimeControl "180+2"]
[Date "2023.06.06"]
[WhiteClock "0:00:01"]
[BlackClock "0:00:13"]
[Board "18"]

1. d4 Nf6 2. Nf3 e6 3. Bf4 b6 4. e3 Bb7 5. Be2 Nh5 6. Bg5 Be7 7. Bxe7 Qxe7 8. O-O O-O 9. a4 a5 10. Na3 d6 11. Nb5 c6 12. Na3 Nd7 13. Nc4 Nhf6 14. c3 Ba6 15. Re1 Rfd8 16. Qc2 e5 17. e4 h6 18. Ne3 Bxe2 19. Rxe2 g6 20. Nc4 Qe6 21. Qd3 Kg7 22. h3 Nh5 23. d5 cxd5 24. exd5 Qf6 25. Qc2 Nf4 26. Re3 Nxd5 27. Rd3 Qe6 28. Rad1 N7f6 29. Qb3 Rab8 30. Re1 Nf4 31. Rde3 Rdc8 32. Ncd2 Qxb3 33. Nxb3 N6d5 34. Re4 f5 0-1


[Site "https://www.chess.com"]

[Event "Titled Tuesday Blitz June 6 Early 2023"]
[White "Terry, Renato"]
[Black "Wagner, Dennis"]
[WhiteFideId "3803457"]
[BlackFideId "24650684"]
[WhiteElo "2575"]
[BlackElo "2478"]
[Result "1-0"]
[Round "10"]
[TimeControl "180+2"]
[Date "2023.06.06"]
[WhiteClock "0:02:03"]
[BlackClock "0:00:02"]
[Board "19"]

1. d4 Nf6 2. Nf3 d5 3. c4 e6 4. Nc3 c6 5. Bg5 Nbd7 6. e3 h6 7. Bh4 Be7 8. Qc2 O-O 9. cxd5 Nxd5 10. Bxe7 Qxe7 11. Be2 Nxc3 12. Qxc3 Re8 13. O-O e5 14. Nxe5 Nxe5 15. dxe5 Qxe5 16. Qxe5 Rxe5 17. Rfd1 Be6 18. a3 Kf8 19. Rd2 Ke7 20. Rad1 g5 21. h3 a5 22. Rd4 c5 23. Rd6 a4 24. Rb6 Ra7 25. Bf3 Bb3 26. Rdd6 Re6 27. Rxe6+ fxe6 28. Bxb7 Kd7 29. Be4 Ke7 30. Kf1 Rd7 31. Rb7 Rxb7 32. Bxb7 Kd6 33. Ke2 Ke5 34. g3 Kd6 35. f4 gxf4 36. gxf4 e5 37. h4 exf4 38. exf4 Ke6 39. Ke3 Kf6 40. Bc8 Bc4 41. Ke4 Bb3 42. Bb7 Ba2 43. Bd5 Bb1+ 44. Ke3 Bc2 45. Be4 Bb3 46. Kd3 Ke6 47. Kc3 Kf6 48. Bc2 Bd5 49. Kd2 Bc6 50. Ke3 Bb5 51. Ke4 Bc6+ 52. Kd3 Bb5+ 53. Kc3 Ke6 54. b3 axb3 55. Kxb3 Kf6 56. Kc3 Ke6 57. a4 Ba6 58. a5 Kf6 59. Bd3 Bb7 60. Kb3 Bc6 61. Kc4 Bb7 62. Kxc5 Bc8 63. Kb6 Ke7 64. Kc7 Be6 65. a6 Bd5 66. a7 Ba8 67. Ba6 Kf6 68. Bb7 1-0


[Site "https://www.chess.com"]

[Event "Titled Tuesday Blitz June 6 Early 2023"]
[White "Tristan, Leonardo"]
[Black "Rustemov, Alexander"]
[WhiteFideId "113816"]
[BlackFideId "4119002"]
[WhiteElo "2461"]
[BlackElo "2873"]
[Result "1-0"]
[Round "10"]
[TimeControl "180+2"]
[Date "2023.06.06"]
[WhiteClock "0:00:08"]
[BlackClock "0:00:02"]
[Board "20"]

1. d4 d5 2. Nf3 Nf6 3. Bf4 c5 4. e3 Nc6 5. Nbd2 Bg4 6. c3 e6 7. Qb3 Qc8 8. Nh4 Be7 9. h3 Bh5 10. g4 Bg6 11. Nxg6 hxg6 12. Bg2 O-O 13. O-O Rd8 14. dxc5 Bxc5 15. Rfd1 Bd6 16. Bxd6 Rxd6 17. c4 Qc7 18. cxd5 Nxd5 19. Ne4 Rdd8 20. Rac1 Rac8 21. Nc3 Nxc3 22. Qxc3 Rxd1+ 23. Rxd1 Ne5 24. Qd4 b6 25. b3 Qc5 26. Qxc5 Rxc5 27. Rd8+ Kh7 28. f4 Nc6 29. Rd7 f5 30. Bxc6 Rxc6 31. Rxa7 b5 32. Kf2 b4 33. Rb7 Ra6 34. Rxb4 Rxa2+ 35. Kf3 Ra6 36. Rb7 Rc6 37. b4 Rc3 38. Re7 Rc6 39. Kg3 Rb6 40. Kh4 Rxb4 41. Rxe6 Rb5 42. Re7 Rb3 43. Re5 fxg4 44. hxg4 Kh6 45. Re8 Kh7 46. Kg5 Rb5+ 47. Kh4 Rb1 48. e4 Rf1 49. Kg5 Ra1 50. e5 Ra5 51. Re7 Rb5 52. f5 gxf5 53. gxf5 Kg8 54. Kg6 Rb6+ 55. e6 Kh8 56. Re8# 1-0


[Site "https://www.chess.com"]

[Event "Titled Tuesday Blitz June 6 Early 2023"]
[White "Harutjunyan, Gevorg"]
[Black "Kleiman, Jake"]
[WhiteFideId "13300873"]
[BlackFideId "2020041"]
[WhiteElo "2474"]
[BlackElo "2696"]
[Result "1/2-1/2"]
[Round "10"]
[TimeControl "180+2"]
[Date "2023.06.06"]
[WhiteClock "0:00:14"]
[BlackClock "0:00:06"]
[Board "21"]

1. e4 e5 2. Nf3 Nc6 3. d4 exd4 4. Nxd4 Bb4+ 5. c3 Bc5 6. Be3 Bb6 7. Nf5 Bxe3 8. Nxe3 Nge7 9. c4 O-O 10. Nc3 d6 11. Qd2 f5 12. O-O-O Be6 13. g3 fxe4 14. Nxe4 Nf5 15. Nd5 Nfd4 16. f4 Qd7 17. Qe3 Nf5 18. Qc3 h6 19. Bg2 Qf7 20. Rhe1 Rae8 21. g4 Nh4 22. Bh1 Bxd5 23. cxd5 Qxf4+ 24. Kb1 Ne5 25. Ng3 Qf7 26. Rf1 Qd7 27. h3 Rxf1 28. Rxf1 Rf8 29. Rc1 Rf7 30. Be4 Qe7 31. Bf5 Kh8 32. Qd4 Nhf3 33. Qxa7 b6 34. Qb8+ Rf8 35. Qxc7 Nd2+ 36. Ka1 Qg5 37. Qc3 Ndc4 38. b3 Ne3 39. h4 Qf4 40. Ne2 Qf2 41. Nd4 N3xg4 42. Bxg4 Nxg4 43. Ne6 Rf6 44. Qc8+ Kh7 45. Qc7 Rf7 46. Qxd6 Qd2 47. Qc6 Rf2 48. Nf8+ Rxf8 49. Qc2+ Qxc2 50. Rxc2 Rd8 51. Rd2 Ne3 52. d6 Rd7 53. b4 Nf5 54. Rd5 Nxd6 55. a4 Kg6 56. Kb2 Kf6 57. Kb3 Ke6 58. Rd1 Nf5 59. Re1+ Kf6 60. Rf1 Rd3+ 61. Kc4 Rd4+ 62. Kb5 Rxh4 63. Rb1 Re4 64. Kxb6 Nd4 65. b5 Ne6 66. a5 Ra4 67. a6 g5 68. a7 g4 69. Rc1 g3 70. Kb7 h5 71. a8=Q Rxa8 72. Kxa8 h4 73. b6 Nd8 74. Rd1 g2 75. Rxd8 g1=Q 76. b7 Qa1+ 77. Kb8 Qe5+ 78. Kc8 Qc5+ 79. Kd7 Qd5+ 80. Kc7 Qc5+ 81. Kd7 Qd5+ 82. Kc7 Qa5+ 83. Kc8 Qc5+ 84. Kd7 1/2-1/2


[Site "https://www.chess.com"]

[Event "Titled Tuesday Blitz June 6 Early 2023"]
[White "Amilal Munkhdalai"]
[Black "Yeletsky, Ivan"]
[WhiteFideId "4903250"]
[BlackFideId "24180327"]
[WhiteElo "2293"]
[BlackElo "2380"]
[Result "1-0"]
[Round "10"]
[TimeControl "180+2"]
[Date "2023.06.06"]
[WhiteClock "0:00:09"]
[BlackClock "0:00:05"]
[Board "22"]

1. e4 e5 2. Nf3 Nf6 3. Nxe5 d6 4. Nf3 Nxe4 5. Nc3 Nxc3 6. dxc3 Be7 7. Bd3 Nd7 8. Be3 O-O 9. Qd2 c6 10. O-O-O d5 11. Bg5 Nc5 12. Bxe7 Qxe7 13. Rhe1 Qf6 14. Qg5 Qxg5+ 15. Nxg5 h6 16. Nf3 Bg4 17. Re3 Bxf3 18. Rxf3 Rfe8 19. Kd2 Re5 20. Re1 Rxe1 21. Kxe1 Na4 22. b3 Nxc3 23. Kd2 Nxa2 24. Rf4 c5 25. c3 d4 26. cxd4 cxd4 27. Rxd4 a5 28. Rd7 Nb4 29. Bc4 a4 30. bxa4 Rxa4 31. Bxf7+ Kf8 32. Bb3 Ra3 33. Kc3 Na6 34. Rf7+ Ke8 35. Rxg7 Nc5 36. Kb4 Rxb3+ 37. Kxc5 Rb2 38. f3 Kf8 39. Rg4 Kf7 40. h4 h5 41. Rg5 b5 42. g3 Rb3 43. Rxh5 Rxf3 44. Rg5 Rb3 45. h5 b4 46. h6 Rb1 47. Rg7+ Kf6 48. g4 b3 49. g5+ Kf5 50. Kb4 b2 51. Kb3 Rh1 52. Kxb2 Rh3 53. h7 Rh2+ 54. Kc3 Rh3+ 55. Kc4 Rh4+ 56. Kc5 Rh1 57. g6 Kf6 58. Rg8 1-0


[Site "https://www.chess.com"]

[Event "Titled Tuesday Blitz June 6 Early 2023"]
[White "demon64fields"]
[Black "benny_aizenberg"]
[WhiteElo "2836"]
[BlackElo "2721"]
[Result "1-0"]
[Round "10"]
[TimeControl "180+2"]
[Date "2023.06.06"]
[WhiteClock "0:01:26"]
[BlackClock "0:00:01"]
[Board "23"]

1. Nf3 d5 2. g3 c5 3. Bg2 Nc6 4. d4 cxd4 5. Nxd4 e5 6. Nxc6 bxc6 7. c4 Nf6 8. O-O Be7 9. Nc3 d4 10. Ne4 Nxe4 11. Bxe4 Bd7 12. Qc2 h5 13. c5 h4 14. e3 hxg3 15. hxg3 Qc8 16. exd4 exd4 17. Rd1 Bf6 18. Bf4 Kf8 19. Bd6+ Kg8 20. Qa4 Qe8 21. Rxd4 Bxd4 22. Qxd4 Qe6 23. Bf4 Re8 24. Bf3 Qh3 25. Be3 Bc8 26. Rd1 Ba6 27. Rd3 Qh2+ 28. Kf1 Qh7 29. Ke2 Qxd3+ 30. Qxd3 Bxd3+ 31. Kxd3 Re6 32. b4 Rh2 33. a4 Rf6 34. Be4 Kf8 35. b5 cxb5 36. axb5 Ke7 37. c6 Rhxf2 38. Bxa7 Ra2 39. Bc5+ Kd8 40. b6 Rb2 41. Kc3 Rb5 42. Kc4 Rb2 43. Bd4 Ra2 44. c7+ Kc8 45. Bxf6 Ra4+ 46. Kd3 Ra3+ 47. Bc3 g6 48. Bd5 Ra6 49. Bd4 1-0


[Site "https://www.chess.com"]

[Event "Titled Tuesday Blitz June 6 Early 2023"]
[White "Harsh Suresh"]
[Black "Souleidis, Georgios"]
[WhiteFideId "45018464"]
[BlackFideId "4206827"]
[WhiteElo "2209"]
[BlackElo "2401"]
[Result "1/2-1/2"]
[Round "10"]
[TimeControl "180+2"]
[Date "2023.06.06"]
[WhiteClock "0:01:11"]
[BlackClock "0:00:12"]
[Board "24"]

1. e4 c5 2. Nc3 e6 3. f4 a6 4. Nf3 b5 5. Be2 b4 6. Na4 Bb7 7. d3 d5 8. e5 Ne7 9. Be3 d4 10. Nxc5 Bxf3 11. Bxf3 Nf5 12. Bf2 Ra7 13. Ne4 Be7 14. Qd2 Qb6 15. O-O Nd7 16. g4 Ne3 17. Bxe3 dxe3 18. Qe2 Rc7 19. c3 bxc3 20. bxc3 Nc5 21. Qxe3 Qa5 22. Nxc5 Bxc5 23. d4 Ba7 24. Rfc1 O-O 25. Be4 Rfc8 26. c4 Rxc4 27. Rxc4 Rxc4 28. Rd1 g6 29. Qb3 Rxd4 30. Rxd4 Bxd4+ 31. Kf1 Qb5+ 32. Qxb5 axb5 33. Ke2 b4 34. Kd3 Bc5 35. Kc4 Bf8 36. f5 gxf5 37. gxf5 exf5 38. Bxf5 Kg7 39. Be4 h6 40. Kd5 Be7 41. Kc6 Bf8 42. Kd7 Bc5 43. Bd5 Bd4 44. Kd6 Bc3 45. Bb3 Be1 46. Ke7 Bc3 47. Kd6 Bd2 48. h3 Bc3 49. Kd5 h5 50. Ke4 h4 51. Kf5 Bd4 52. e6 fxe6+ 53. Bxe6 Bc3 54. Bb3 Be1 55. Ke4 Kf8 56. Kd3 Ke7 57. Ke2 Bc3 58. Ke3 Kf6 59. Kd3 Be1 60. Ke3 Ke5 61. Kf3 Kd4 62. Ke2 Bg3 63. Kf3 Kc3 64. Kg4 Be1 65. Bg8 Kb2 66. Bb3 Ka3 67. Kf3 Bg3 68. Ke2 Bc7 69. Kd2 Bg3 70. Kc2 Be1 71. Kd1 Bg3 72. Ke2 Bf4 73. Kf3 Bg3 74. Kg4 Kb2 75. Kf3 Ka3 1/2-1/2


[Site "https://www.chess.com"]

[Event "Titled Tuesday Blitz June 6 Early 2023"]
[White "Veiga, Jose Francisco R P Neves"]
[Black "Bryakin, Mikhail"]
[WhiteFideId "1930087"]
[BlackFideId "4165314"]
[WhiteElo "2319"]
[BlackElo "2464"]
[Result "0-1"]
[Round "10"]
[TimeControl "180+2"]
[Date "2023.06.06"]
[WhiteClock "0:00:08"]
[BlackClock "0:00:54"]
[Board "25"]

1. c4 e5 2. Nc3 Nc6 3. Nf3 g6 4. d4 exd4 5. Nxd4 Bg7 6. e3 Nge7 7. Be2 Nxd4 8. exd4 d5 9. Bg5 f6 10. Bf4 c6 11. O-O Be6 12. c5 O-O 13. Re1 Qd7 14. b4 a6 15. h3 Rfe8 16. Qd2 Nf5 17. a4 Bf7 18. b5 h5 19. bxa6 bxa6 20. a5 g5 21. Bh2 Nh4 22. Bg3 Nf5 23. Bh2 Bh6 24. g4 Nh4 25. Qd3 hxg4 26. hxg4 Re7 27. Bg3 Qe8 28. Bxh4 gxh4 29. Bf1 Rxe1 0-1


[Site "https://www.chess.com"]

[Event "Titled Tuesday Blitz June 6 Early 2023"]
[White "Goltsev, Dmitry"]
[Black "Ilamparthi A R"]
[WhiteFideId "24176710"]
[BlackFideId "45015775"]
[WhiteElo "2356"]
[BlackElo "2348"]
[Result "0-1"]
[Round "10"]
[TimeControl "180+2"]
[Date "2023.06.06"]
[WhiteClock "0:00:19"]
[BlackClock "0:01:44"]
[Board "26"]

1. e4 c5 2. Nf3 d6 3. d4 cxd4 4. Nxd4 Nf6 5. Nc3 a6 6. Be2 e5 7. Nb3 Be7 8. Be3 Be6 9. Nd5 Nbd7 10. f3 O-O 11. c4 Rc8 12. O-O Nc5 13. Nxc5 dxc5 14. Qd2 Bxd5 15. cxd5 b5 16. a4 c4 17. axb5 axb5 18. Ra6 Nd7 19. d6 Bf6 20. Ra7 Nc5 21. Qd5 Ne6 22. d7 Rb8 23. Rd1 Bg5 24. Qd2 Bxe3+ 25. Qxe3 Nd4 26. Rxd4 Qb6 27. Rd3 cxd3 28. Qxb6 Rxb6 29. Bxd3 Rd8 30. Kf2 Kf8 31. Ra5 Rxd7 32. Bxb5 Rd2+ 33. Kg3 Rg6+ 34. Kh3 Rgxg2 35. b3 Rxh2+ 36. Kg4 Rdg2+ 37. Kf5 Rh5# 0-1


[Site "https://www.chess.com"]

[Event "Titled Tuesday Blitz June 6 Early 2023"]
[White "Shuvalova, Polina"]
[Black "Fier, Alexandr"]
[WhiteFideId "24171760"]
[BlackFideId "2107139"]
[WhiteElo "2281"]
[BlackElo "2610"]
[Result "1-0"]
[Round "10"]
[TimeControl "180+2"]
[Date "2023.06.06"]
[WhiteClock "0:00:15"]
[BlackClock "0:01:01"]
[Board "27"]

1. e4 Nf6 2. e5 Nd5 3. d4 d6 4. Nf3 g6 5. exd6 cxd6 6. Be2 Bg7 7. c4 Nb6 8. h3 O-O 9. Nc3 Nc6 10. Be3 Bf5 11. Rc1 d5 12. c5 Nc4 13. O-O Nxb2 14. Qb3 Nc4 15. Bxc4 dxc4 16. Qxc4 Rc8 17. Rfd1 Na5 18. Qe2 b6 19. Nb5 Qd7 20. a4 Be6 21. cxb6 axb6 22. d5 Bxd5 23. Bxb6 Rxc1 24. Rxc1 Nb3 25. Rd1 Qb7 26. Be3 Ra8 27. Rxd5 Qxd5 28. Nc7 Qe4 29. Nxa8 Qxa8 30. Qb5 Na5 31. Bb6 Nc6 32. a5 e5 33. Qd5 Qc8 34. Ng5 Nd4 35. Qxf7+ Kh8 36. Qc7 Qa8 37. Nf7+ Kg8 38. Qd8+ Qxd8 39. Nxd8 Bf6 40. a6 Nb5 41. Nc6 Kf7 42. a7 Nxa7 43. Bxa7 Ke6 44. Be3 Kd5 45. Nb4+ Ke4 46. Kf1 h5 47. Ke2 Be7 48. Nc6 Bf6 49. f3+ Kf5 50. g4+ Ke6 51. Kd3 Kd5 52. Nb4+ Ke6 53. Ke4 hxg4 54. hxg4 Be7 55. Nd3 Bd6 56. Bf2 Be7 57. Bg3 Kf7 58. Bxe5 Ke6 59. Nf4+ Kf7 60. Nd5 Bg5 61. Bd4 Bd8 62. f4 Ba5 63. Ne3 Bc7 64. Nc4 Bb8 65. Ne5+ 1-0


[Site "https://www.chess.com"]

[Event "Titled Tuesday Blitz June 6 Early 2023"]
[White "Djordjevic, Vuk"]
[Black "Manukyan, Sargis V."]
[WhiteFideId "902098"]
[BlackFideId "13303465"]
[WhiteElo "2463"]
[BlackElo "2236"]
[Result "1/2-1/2"]
[Round "10"]
[TimeControl "180+2"]
[Date "2023.06.06"]
[WhiteClock "0:00:06"]
[BlackClock "0:00:17"]
[Board "28"]

1. d4 c5 2. d5 e6 3. e4 exd5 4. exd5 d6 5. c4 Ne7 6. Nc3 Ng6 7. g3 Be7 8. h4 O-O 9. Be3 h6 10. h5 Ne5 11. Be2 Re8 12. Nh3 Bxh3 13. Rxh3 Na6 14. Kf1 Qd7 15. Kg2 f5 16. Rh1 Nc7 17. Re1 a6 18. f4 Ng4 19. Bxg4 fxg4 20. Ne4 Qf5 21. Nf2 Qxh5 22. Qxg4 Qxg4 23. Nxg4 b5 24. b3 Rab8 25. Rab1 h5 26. Nf2 Bf6 27. Kf3 a5 28. Ne4 Be7 29. Rh1 bxc4 30. bxc4 g6 31. Rbg1 Rb4 32. Nd2 Bf6 33. g4 Rxe3+ 34. Kxe3 Bd4+ 35. Kd3 Bxg1 36. Rxg1 hxg4 37. Rxg4 Kf7 38. Ne4 Ne8 39. Rh4 Kg7 40. Ng5 Nf6 41. Ne6+ Kf7 42. Rh8 Ra4 43. Ng5+ Ke7 44. Rh6 Ra3+ 45. Kc2 Rxa2+ 46. Kb3 Rf2 47. Rxg6 Rxf4 48. Rg7+ Ke8 49. Ne6 a4+ 50. Kxa4 Rxc4+ 51. Kb5 Rg4 52. Nc7+ Kf8 53. Ne6+ Ke8 54. Ra7 Nxd5 55. Kc6 Ne7+ 56. Kxd6 Nc8+ 57. Kxc5 Nxa7 58. Kd6 Nc8+ 59. Ke5 Ne7 60. Kf6 Rg6+ 61. Ke5 Rg1 62. Kf6 Rf1+ 63. Ke5 Re1+ 64. Kd6 Nf5+ 65. Kd5 Ne3+ 66. Kd6 Nc4+ 67. Kd5 Nb6+ 68. Kd6 Nc8+ 69. Kd5 Ke7 70. Nc5 Nd6 71. Kc6 Rc1 72. Kd5 Nf7 73. Nb3 Rb1 74. Nd4 Ng5 75. Nc6+ Kf6 76. Nd4 Re1 77. Nc2 Re2 78. Nd4 Re5+ 79. Kc4 Ne6 80. Nb5 Rc5+ 81. Kb4 Ke5 82. Nc3 Kd4 83. Nb5+ Kd3 84. Nd6 Rc4+ 85. Nxc4 1/2-1/2


[Site "https://www.chess.com"]

[Event "Titled Tuesday Blitz June 6 Early 2023"]
[White "Fernandez Guillen, Ernesto J."]
[Black "Agibileg, Uurtsaikh"]
[WhiteFideId "3512428"]
[BlackFideId "4901606"]
[WhiteElo "2434"]
[BlackElo "2353"]
[Result "1-0"]
[Round "10"]
[TimeControl "180+2"]
[Date "2023.06.06"]
[WhiteClock "0:01:35"]
[BlackClock "0:00:08"]
[Board "29"]

1. e4 c5 2. Nf3 e6 3. d4 cxd4 4. Nxd4 Nc6 5. Nc3 Qc7 6. Be3 a6 7. Qd2 Nf6 8. O-O-O Bb4 9. f3 Ne5 10. Qe1 O-O 11. Nb3 b5 12. Bd4 d6 13. Qg3 Bb7 14. Kb1 Rfc8 15. h4 a5 16. Bxb5 a4 17. Nxa4 Qxc2+ 18. Ka1 Qc7 19. Rc1 Qe7 20. Nb6 Rxc1+ 21. Rxc1 Rb8 22. a3 Nh5 23. Qg5 f6 24. Qxh5 Bxa3 25. bxa3 d5 26. Ka2 Nc4 27. Nxc4 dxc4 28. Bxc4 Ra8 29. Qc5 Qd7 30. Bb2 h6 31. Qb6 Bc6 32. Bxe6+ Qxe6 33. Qxc6 Qe7 34. Qxa8+ 1-0


[Site "https://www.chess.com"]

[Event "Titled Tuesday Blitz June 6 Early 2023"]
[White "Gubajdullin, Alexei"]
[Black "Weetik, Vjacheslav"]
[WhiteFideId "4141202"]
[BlackFideId "4153472"]
[WhiteElo "2279"]
[BlackElo "2469"]
[Result "0-1"]
[Round "10"]
[TimeControl "180+2"]
[Date "2023.06.06"]
[WhiteClock "0:00:05"]
[BlackClock "0:00:30"]
[Board "30"]

1. d4 Nf6 2. Nf3 e6 3. Bf4 d5 4. e3 Bd6 5. Bg3 O-O 6. Nbd2 c5 7. c3 Qc7 8. Ne5 Nfd7 9. f4 f6 10. Nxd7 Nxd7 11. Bd3 e5 12. fxe5 fxe5 13. dxc5 Nxc5 14. Bc2 Bf5 15. Bxf5 Rxf5 16. Nb3 Qf7 17. Nxc5 Bxc5 18. Qe2 Rc8 19. O-O-O d4 20. e4 Qxa2 21. exf5 dxc3 22. Kc2 Qxb2+ 23. Kd3 Rd8+ 0-1


[Site "https://www.chess.com"]